 Dungeon Crawl Stone Soup version 0.30.0-15-g856e2d3f33 (webtiles) character file.

Game seed: 3638420669085589504

176 SnakkuSnakku7 the Ruffian (level 5, 0/45 HPs)
             Began as a Ghoul Hexslinger on May 20, 2023.
             Slain by a cerulean imp
             ... wielding a +0 spear
             ... summoned by Natasha
              (4 damage)
             ... on level 3 of the Dungeon.
             The game lasted 00:03:02 (2488 turns).

SnakkuSnakku7 the Ruffian (Ghoul Hexslinger)        Turns: 2488, Time: 00:03:02

Health: 0/45       AC:  6    Str: 16    XL:     5   Next: 56%
Magic:  5/5        EV:  9    Int:  8    God:
Gold:   73         SH:  0    Dex:  9    Spells: 5/6 levels left

rFire   . .          .
                       - Unarmed
rCold   + . .        (no shield)
rNeg    + + +        p - +0 scale mail
rPois   ∞            (no helmet)
rElec   .            (no cloak)
rCorr   .            (no gloves)
SInv    .            (no boots)
Will    .....        (no amulet) Stlth
                     (no ring)
HPRegen 0.00/turn    (no ring)
MPRegen 0.09/turn

%: no passive effects
@: inhibited regen
A: claws 1, cold resistance 1, negative energy resistance 3, inhibited
regeneration, torment resistance 2, devour on kill
a: no special abilities


You were on level 3 of the Dungeon.
You visited 1 branch of the dungeon, and saw 3 of its levels.

You collected 122 gold pieces.
You spent 49 gold pieces at shops.

Inventory:

Hand Weapons
 a - a +1 sling
Armour
 c - a +0 robe
 p - a +0 scale mail (worn)
 q - a +0 tower shield
Jewellery
 e - a ring of wizardry
Scrolls
 b - a scroll of poison
 f - a scroll of silence {unknown}
 g - 2 scrolls of teleportation {unknown}
 i - a scroll of blinking {unknown}
 j - a scroll of amnesia {unknown}
 n - a scroll of immolation {unknown}
 o - a scroll of magic mapping {unknown}
 r - 2 scrolls of fear {unknown}
 s - 3 scrolls of fog {unknown}
Potions
 d - a potion of brilliance {unknown}
 h - a potion of degeneration {unknown}
 k - a potion of heal wounds {unknown}
 l - a potion of resistance
 m - a potion of ambrosia
 t - a potion of attraction {unknown}


   Skills:
 - Level 3.1 Fighting
 - Level 1.7 Ranged Weapons
 - Level 1.7 Dodging
 + Level 1.9 Shields
 + Level 3.8 Unarmed Combat
 - Level 1.0 Spellcasting
 - Level 2.4 Hexes


You had 5 spell levels left.
You knew the following spells:

 Your Spells              Type           Power      Damage    Failure   Level
a - Slow                  Hex            16%        N/A       50%         1

Your spell library contained the following spells:

 Spells                   Type           Power      Damage    Failure   Level
 Momentum Strike          Conj/Tloc      0%         3d8       92%         2
 Inner Flame              Hex/Fire       2%         N/A       95%         3
 Portal Projectile        Hex/Tloc       4%         N/A       95%         3
 Cause Fear               Hex            2%         N/A       99%         4
 Passage of Golubria      Tloc           0%         N/A       100%        4
 Malign Gateway           Summ/Tloc      0%         N/A       100%        7
 Ozocubu's Refrigeration  Ice            0%         4d7       100%        7
 Summon Hydra             Summ           0%         N/A       100%        7
 Sublimation of Blood     Necr           Unusable   N/A       N/A         2
 Wereblood                Tmut           Unusable   N/A       N/A         2

Dungeon Overview and Level Annotations

Branches:
Dungeon (3/15)

Altars:

Shops:
D:1 [

Annotations:
D:3 3 runed translucent doors, Liamsmither's ghost, amateur DsIE; Natasha


Innate Abilities, Weirdness & Mutations

You are immune to poison.
You have sharp fingernails.
Your flesh is cold resistant. (rC+)
You are immune to negative energy. (rN+++)
You do not regenerate when monsters are visible.
You are immune to unholy pain and torment.
You thrive by killing the living.


Message History

Natasha stares at you and mumbles some strange words.
The magic dart hits you!
You closely miss the cerulean imp.
The cerulean imp is moderately wounded.
The cerulean imp barely misses you. Natasha claws you!
You completely miss the cerulean imp.
The cerulean imp is moderately wounded.
The cerulean imp hits you but does no damage.
Natasha claws you but does no damage.
You scratch Natasha.
Natasha is lightly wounded.
The cerulean imp hits you with a +0 spear.
Natasha closely misses you.
You scratch Natasha but do no damage.
Natasha is lightly wounded.
The cerulean imp completely misses you. Natasha closely misses you.
You closely miss Natasha.
Natasha is lightly wounded.
The cerulean imp barely misses you. Natasha claws you!
You scratch Natasha.
Natasha is heavily wounded.
The cerulean imp barely misses you. Natasha closely misses you.
You scratch Natasha.
Natasha is heavily wounded.
The cerulean imp barely misses you. Natasha barely misses you.
You scratch Natasha but do no damage.
Natasha is heavily wounded.
The cerulean imp hits you but does no damage.
You scratch Natasha.
Natasha is severely wounded.
Natasha claws you.
* * * LOW HITPOINT WARNING * * *
The cerulean imp hits you with a +0 spear.
* * * LOW HITPOINT WARNING * * *
You closely miss Natasha.
Natasha is severely wounded.
Natasha claws you.
* * * LOW HITPOINT WARNING * * *
The cerulean imp hits you with a +0 spear.
You die...

......# ......# ...... ...#
..#..###### #..# ..#..#...##.
.#..### .##..#......... .#....#
..............##########.#..#.#
.............>.5.........#..#.# #
##.............h@.......##..#.# #
##...###..........#....##.....# #
##............#'#.#.....#...### #
####........#.#.#+#.....#...# #
..#......##.#.#....####.#...#####
#.#................+.............
#.#............#...####.###......
..#....##......#......#.# #######
..#....####...........#.######


You could see Natasha and a cerulean imp (summoned).

Vanquished Creatures
  Jessica (D:2)
  Natasha (twice) (D:3)
  3 adders
  A worm (D:2)
  A dart slug (D:2)
  6 orcs
  2 endoplasms (D:1)
  A giant cockroach (D:1)
  A goblin (D:1)
  5 hobgoblins
  3 jackals (D:1)
  5 quokkas
  8 ball pythons
  5 bats
  6 frilled lizards
  10 kobolds
  4 rats
64 creatures vanquished.

Notes
Turn   | Place    | Note
-------+----------+-------------------------------------------
     0 | D:1      | SnakkuSnakku7 the Ghoul Hexslinger began the quest for the
                  | Orb.
     0 | D:1      | Reached XP level 1. HP: 16/16 MP: 1/1
   101 | D:1      | Reached skill level 1 in Unarmed Combat
   101 | D:1      | Reached XP level 2. HP: 21/24 MP: 2/2
   265 | D:1      | HP: 1/24 [quokka (3)]
   419 | D:1      | Found a faded altar of an unknown god.
   507 | D:1      | Reached XP level 3. HP: 19/29 MP: 3/3
   723 | D:1      | Found Jebiycol's Armour Boutique.
  1160 | D:2      | Noticed Jessica
  1172 | D:2      | Killed Jessica
  1217 | D:2      | Reached XP level 4. HP: 29/37 MP: 4/4
  1322 | D:1      | Bought a +0 tower shield for 49 gold pieces
  1835 | D:2      | Got the Catalogue of the Bruised Spines
  1956 | D:3      | Reached skill level 1 in Shields
  2069 | D:3      | Noticed Natasha
  2073 | D:3      | Killed Natasha
  2074 | D:3      | Reached XP level 5. HP: 42/45 MP: 5/5
  2084 | D:3      | Noticed Natasha
  2089 | D:3      | Killed Natasha
  2099 | D:3      | Found a runed translucent gate.
  2099 | D:3      | Found a runed translucent gate.
  2099 | D:3      | Found a runed translucent gate.
  2104 | D:3      | Noticed Liamsmither's ghost (amateur DsIE)
  2473 | D:3      | Noticed Natasha
  2488 | D:3      | Slain by a cerulean imp

Illustrated notes

Levels and vault maps discovered:
D:1:      minmay_arrival_radiant_lines, layout_loops_corners, serial_shops,
          shop, serial_bayou, serial_bayou_pond_c, serial_bayou_pond_b,
          serial_bayou_ford_a, serial_bayou_crossing, basic_ecumenical_altar
D:2:      layout_basic, basic_altar, kennysheep_jessica_study
D:3:      layout_basic, gammafunk_ghost_necromancy, uniq_natasha

Skill      XL: |  1  2  3  4 |
---------------+-------------+-----
Unarmed Combat | 1 2 3 |  3.8
Fighting       | 2 3 |  3.1
Shields        | 1 |  1.9
Ranged Weapons | |  1.7
Dodging        | |  1.7
Spellcasting   | |  1.0
Hexes          | |  2.4

Action                     |  1- 3 |  4- 6 || total
---------------------------+-------+-------++-------
  Melee: Unarmed           |    47 |   153 ||   200
         Punch             |       |     3 ||     3
   Fire: Sling             |    65 |       ||    65
    Use: Scroll            |       |     2 ||     2
 Armour: Robe              |    16 |     2 ||    18
         Scale mail        |       |    63 ||    63
  Dodge: Dodged            |    53 |    81 ||   134
